 Dungeon Crawl Stone Soup version 0.29.1-15-g9cfb28693d (webtiles) character file.

Game seed: 8831807040460726629

74 jtron the Ruffian (level 4, -4/32 HPs)
             Began as a Human Wanderer on Feb 27, 2023.
             Was a Believer of Elyvilon.
             Slain by Natasha (7 damage)
             ... on level 2 of the Dungeon.
             The game lasted 00:08:26 (2734 turns).

jtron the Ruffian (Human Wanderer)                  Turns: 2734, Time: 00:08:26

Health: -4/32      AC:  4    Str: 15    XL:     4   Next: 54%
Magic:  6/6        EV: 11    Int: 13    God:    Elyvilon [**....]
Gold:   76         SH:  0    Dex: 11    Spells: 5/6 levels left

rFire   . . .      SeeInvis .     - Unarmed
rCold   . . .      Faith    .   (no shield)
rNeg    . . .      Spirit   .   e - +0 leather armour
rPois   .          Reflect  .   (no helmet)
rElec   .          Harm     .   (no cloak)
rCorr   .          Rampage  .   (no gloves)
Will    .....                   o - +0 pair of boots
Stlth   +.........              (no amulet)
HPRegen 0.10/turn               (no ring)
MPRegen 0.10/turn               (no ring)

@: attractive, slowed, invisible, very slow
A: no striking features
a: Renounce Religion, Purification, Heal Other


You were on level 2 of the Dungeon.
You worshipped Elyvilon.
Elyvilon was pleased with you.
You visited 1 branch of the dungeon, and saw 2 of its levels.

You collected 76 gold pieces.

Inventory:

Hand Weapons
 a - a +0 club
Missiles
 h - 38 stones
 i - 6 curare-tipped darts
Armour
 e - a +0 leather armour (worn)
 o - a +0 pair of boots (worn)
Scrolls
 g - 3 scrolls of identify
 p - a scroll of noise {unknown}
Potions
 d - 3 potions of brilliance
 k - a potion of invisibility
 l - a potion of lignification {unknown}
 m - a potion of curing


   Skills:
 * Level 1.0 Fighting
 + Level 1.6 Armour
 + Level 0.8 Dodging
 + Level 1.1 Stealth
 + Level 3.9 Unarmed Combat
 + Level 1.7 Spellcasting
 - Level 2.0 Hexes
 * Level 0.4 Invocations
 - Level 2.0 Evocations


You had 5 spell levels left.
You knew the following spells:

 Your Spells              Type           Power      Damage    Failure   Level
a - Slow                  Hex            24%        N/A       14%         1

Your spell library contained the following spells:

 Spells                   Type           Power      Damage    Failure   Level
 Beastly Appendage        Tmut           2%         N/A       32%         1
 Magic Dart               Conj           4%         1d3       32%         1
 Call Imp                 Summ           1%         N/A       43%         2
 Wereblood                Tmut           1%         N/A       43%         2
 Dazzling Flash           Conj/Hex       6%         N/A       54%         3
 Mephitic Cloud           Conj/Pois/Air  1%         N/A       67%         3
 Spider Form              Tmut/Pois      1%         N/A       67%         3


Dungeon Overview and Level Annotations

Branches:
Dungeon (2/15)

Altars:
Elyvilon
Qazlal

Annotations:
D:2 1 runed translucent door, Crazy Yiuf, Natasha


Message History

The magic dart hits you.
The crimson imp sputters.
The crimson imp hits you. Natasha claws you. The crimson imp barely misses you.
The air fills with toxic fumes!
As you read the scroll labelled ILLECI DOYQA, it crumbles to dust.
It was a scroll of poison.
Natasha barely misses you.
The crimson imp blinks!
The crimson imp is attracted toward you.
You hit Natasha but do no damage.
Natasha is heavily wounded.
Natasha closely misses you. The crimson imp hits you.
The crimson imp picks up a beetle and eats it.
The crimson imp hits you.
Natasha mumbles some strange words.
The shadow imp is attracted toward you.
You hit the crimson imp.
The crimson imp is moderately wounded.
Natasha barely misses you. The crimson imp hits you.
* * * LOW HITPOINT WARNING * * *
You barely miss Natasha.
Natasha is heavily wounded.
Natasha claws you.
* * * LOW HITPOINT WARNING * * *
The crimson imp barely misses you.
You hit the crimson imp but do no damage.
The crimson imp is moderately wounded.
Natasha claws you.
* * * LOW HITPOINT WARNING * * *
The crimson imp hits you but does no damage.
Natasha claws you! Elyvilon protects you from harm!
The crimson imp hits you but does no damage.
The shadow imp is attracted toward you.
You hit Natasha but do no damage.
Natasha is heavily wounded.
The crimson imp disappears in a puff of smoke!
Natasha casts a spell.
You closely miss Natasha.
Natasha is heavily wounded.
Natasha claws you!
You die...

## ...#......# #..)##### .##
##§§○§..###...### ..#
...§§○§...#.......# ..#
####☼§☼...........# .+####
#5§.5..#.......### ..##.#
#§§....###...##... .###.#
#5####.<.#...##†## ####.#######
#h# #....#####... ...........#
#@# #...........# ####.#####.#
#§# ##...#####.## # ##.# #.# #§#
##.## #.# # #..# #.# #☼# #.# #.#
# #..# #.#####§# #.# #.# #
#..#####.....°○# #.# #.#
###.<..........°°# #.# #.#
..)............§○######.######>#
###.######.##...÷..............#


You could see Natasha and 2 shadow imps.

Vanquished Creatures
  Natasha (D:2)
  An adder (D:2)
  A worm (D:2)
  A dart slug (D:1)
  4 ball pythons
  An endoplasm (D:1)
  2 giant cockroaches (D:2)
  2 goblins (D:1)
  3 hobgoblins
  2 jackals (D:2)
  A quokka (D:2)
  6 bats
  4 frilled lizards
  6 kobolds
  4 rats
39 creatures vanquished.

Notes
Turn   | Place    | Note
-------+----------+-------------------------------------------
     0 | D:1      | jtron the Human Wanderer began the quest for the Orb.
     0 | D:1      | jtron set off with the following items: a +0 club, a potion
                  | of might, a wand of flame (4), a potion of brilliance, a +0
                  | leather armour, a potion of berserk rage; and the following
                  | spell memorised: Slow; and the following spells available
                  | to memorise: Dazzling Flash.
     0 | D:1      | Reached XP level 1. HP: 13/13 MP: 2/2
    57 | D:1      | Found a faded altar of an unknown god.
    65 | D:1      | Prayed at the altar of an unknown god.
    65 | D:1      | Became a worshipper of Elyvilon the Healer
    65 | D:1      | Reached * piety under Elyvilon
   594 | D:1      | Reached XP level 2. HP: 18/19 MP: 3/3
  1824 | D:2      | Reached XP level 3. HP: 5/24 MP: 0/4
  2108 | D:2      | Found a stormy altar of Qazlal.
  2495 | D:2      | Reached XP level 4. HP: 30/31 MP: 6/6
  2516 | D:2      | Reached ** piety under Elyvilon
  2577 | D:2      | Noticed Natasha
  2587 | D:2      | Killed Natasha
  2588 | D:2      | Reached skill level 1 in Fighting
  2635 | D:2      | Found a runed translucent door.
  2636 | D:2      | Noticed Crazy Yiuf
  2702 | D:2      | Noticed Natasha
  2732 | D:2      | Elyvilon protects you from harm!
  2734 | D:2      | Slain by Natasha

Illustrated notes

Levels and vault maps discovered:
D:1:      dpeg_arrival_more_subterranean_lakeside_camping, layout_loops_ring,
          ebering_ecumenical_altar_petrified
D:2:      layout_loops_ring, basic_altar, minmay_circle_x,
          uniq_crazy_yiuf_cottage, uniq_natasha

Skill      XL: |  1  2  3  4 |
---------------+-------------+-----
Fighting       | 1 |  1.0
Armour         | |  1.6
Dodging        | |  0.8
Stealth        | |  1.1
Unarmed Combat | |  3.9
Spellcasting   | |  1.7
Hexes          | |  2.0
Invocations    | |  0.4
Evocations     | |  2.0

Action                   |  1- 3 |  4- 6 || total
-------------------------+-------+-------++-------
Melee: Unarmed           |   133 |    26 ||   159
       Punch             |       |     1 ||     1
 Cast: Slow              |    30 |     1 ||    31
Evoke: Wand              |     4 |       ||     4
  Use: Potion            |     4 |     5 ||     9
       Scroll            |     3 |     1 ||     4
 Stab: Sleeping          |     2 |       ||     2
Armor: Leather armour    |    62 |     6 ||    68
Dodge: Dodged            |    92 |    16 ||   108
